[ PARTIDA AOE2 · #475119740 ]
UnrankedWu vs Goths
[ ANÁLISIS DE REPETICIÓN · EXTRAÍDO DE LA PARTIDA GRABADA ]
Feudal
13:35
Castillos
17:08
Imperial
30:08
| APM promedio | 51.4 |
| APM pico | 104 |
| eAPM promedio | 28.3 |
| Aldeanos / militares | 186 / 62 |
Foco
⚔️ 35.4% · 🌾 64.6%
Archer ×56 · Fishing Ship ×7 · Unknown (1942) ×5 · Monk ×4 · Mangonel ×2
Feudal
12:29
Castillos
23:30
Imperial
—
| APM promedio | 44.8 |
| APM pico | 92 |
| eAPM promedio | 25.4 |
| Aldeanos / militares | 109 / 48 |
Foco
⚔️ 28.0% · 🌾 72.0%
Huskarl ×29 · Militia ×12 · Fishing Ship ×8 · Battering Ram ×4 · Mangonel ×2 · Monk ×1
Feudal
14:18
Castillos
20:35
Imperial
—
| APM promedio | 25.4 |
| APM pico | 61 |
| eAPM promedio | 16.1 |
| Aldeanos / militares | 121 / 16 |
Foco
⚔️ 24.6% · 🌾 75.4%
Fishing Ship ×8 · Monk ×7 · Boyar ×5 · Scorpion ×3 · Mangonel ×1
Feudal
14:35
Castillos
21:28
Imperial
36:09
| APM promedio | 28.5 |
| APM pico | 63 |
| eAPM promedio | 18.6 |
| Aldeanos / militares | 171 / 88 |
Foco
⚔️ 28.7% · 🌾 71.3%
Camel Scout ×60 · Unknown (2626) ×23 · Fishing Ship ×18 · Cataphract ×13 · Battering Ram ×7 · Fire Galley ×3
Feudal
13:19
Castillos
17:35
Imperial
—
| APM promedio | 30.4 |
| APM pico | 51 |
| eAPM promedio | 16.9 |
| Aldeanos / militares | 156 / 36 |
Foco
⚔️ 25.5% · 🌾 74.5%
Unknown (2626) ×25 · Serjeant ×18 · Spearman ×15 · Fishing Ship ×10 · Mangonel ×2 · Demolition Raft ×1
Feudal
14:01
Castillos
18:21
Imperial
31:42
| APM promedio | 74.9 |
| APM pico | 162 |
| eAPM promedio | 30.9 |
| Aldeanos / militares | 98 / 102 |
Foco
⚔️ 49.6% · 🌾 50.4%
Arambai ×94 · Fishing Ship ×10 · Trebuchet (Packed) ×6 · Monk ×2
Feudal
13:50
Castillos
17:45
Imperial
37:33
| APM promedio | 28.2 |
| APM pico | 61 |
| eAPM promedio | 17.9 |
| Aldeanos / militares | 180 / 120 |
Foco
⚔️ 25.9% · 🌾 74.1%
Knight ×57 · Monaspa ×38 · Unknown (2626) ×13 · Demolition Raft ×12 · Trebuchet (Packed) ×9 · Fishing Ship ×8
Feudal
13:07
Castillos
20:47
Imperial
—
| APM promedio | 52.4 |
| APM pico | 91 |
| eAPM promedio | 30.3 |
| Aldeanos / militares | 129 / 125 |
Foco
⚔️ 38.8% · 🌾 61.2%
Magyar Huszar ×88 · Unknown (2626) ×27 · Battering Ram ×22 · Fishing Ship ×10 · Petard ×7 · Fire Galley ×5
Mapa de la partida
Recursos iniciales + cada clic de construcción. Líneas = muros · curvas = relieve. ◆ oro · ⬟ piedra · ● bayas · ✦ reliquia · ◌ hueco del cierre
Tu base· Abierta — hueco de 6t
Base de Z_1_p_l_a· Abierta — hueco de 12t
Base de KNAUROS· Abierta — flanco sin cerrar
Base de Jrfear· Abierta — hueco de 6t
Base de paedi27· Abierta — flanco sin cerrar
Base de Théoden· Abierta — hueco de 13t
Base de joylettuce· Abierta — flanco sin cerrar
Base de 3046964519· Abierta — hueco de 7t
Terreno inicial suavizado · ◌ = hueco del cierre detectado · pasá el cursor para detalles
Inputs por minuto
— squashy5000 - - Z_1_p_l_a
Build order — squashy5000
Primeras 150 de 430 acciones detectadas
| 0:09 | Construir | Town Center |
| 0:53 | Construir | Palisade Wall |
| 0:58 | Construir | Dock |
| 1:46 | Construir | House |
| 2:32 | Crear | Villager (Male) |
| 2:32 | Crear | Villager (Male) |
| 2:32 | Crear | Villager (Male) |
| 2:32 | Crear | Villager (Male) |
| 2:32 | Crear | Villager (Male) |
| 3:30 | Crear | Fishing Ship |
| 3:50 | Crear | Villager (Male) |
| 3:51 | Crear | Villager (Male) |
| 4:05 | Construir | House |
| 4:39 | Crear | Fishing Ship |
| 5:00 | Crear | Villager (Male) |
| 5:06 | Investigar | Loom |
| 5:43 | Crear | Villager (Male) |
| 5:46 | Crear | Fishing Ship |
| 5:51 | Construir | House |
| 6:08 | Crear | Villager (Male) |
| 6:21 | Crear | Fishing Ship |
| 6:33 | Crear | Villager (Male) |
| 6:52 | Crear | Villager (Male) |
| 7:11 | Crear | Fishing Ship |
| 7:24 | Crear | Villager (Male) |
| 7:34 | Construir | House |
| 7:57 | Crear | Fishing Ship |
| 7:57 | Crear | Villager (Male) |
| 8:15 | Crear | Villager (Male) |
| 8:23 | Crear | Villager (Male) |
| 8:40 | Crear | Fishing Ship |
| 8:45 | Construir | House |
| 8:47 | Crear | Villager (Male) |
| 9:11 | Crear | Villager (Male) |
| 9:31 | Construir | Mining Camp |
| 10:10 | Crear | Villager (Male) |
| 10:26 | Construir | House |
| 10:30 | Crear | Villager (Male) |
| 10:43 | Construir | Palisade Wall |
| 10:46 | Construir | Palisade Wall |
| 10:52 | Crear | Villager (Male) |
| 11:11 | Investigar | Feudal Age |
| 11:39 | Construir | Mill |
| 11:49 | Construir | Mill |
| 11:51 | Crear | Villager (Male) |
| 13:11 | Construir | Dock |
| 13:16 | Construir | Palisade Wall |
| 13:18 | Construir | Palisade Wall |
| 13:35 | Edad | Edad Feudal |
| 13:38 | Construir | Market |
| 13:40 | Construir | Blacksmith |
| 13:53 | Construir | Lumber Camp |
| 14:01 | Crear | Villager (Male) |
| 14:28 | Investigar | Castle Age |
| 14:51 | Construir | House |
| 15:07 | Investigar | Double-Bit Axe |
| 15:58 | Construir | Palisade Wall |
| 16:01 | Construir | Dock |
| 16:23 | Crear | Villager (Male) |
| 16:51 | Construir | Palisade Wall |
| 17:08 | Edad | Edad de los Castillos |
| 17:16 | Construir | Town Center |
| 17:19 | Construir | Town Center |
| 17:23 | Investigar | Bow Saw |
| 17:24 | Crear | Villager (Male) |
| 17:36 | Crear | Villager (Male) |
| 18:05 | Crear | Villager (Male) |
| 18:06 | Crear | Villager (Male) |
| 18:28 | Crear | Villager (Male) |
| 18:38 | Crear | Villager (Male) |
| 18:40 | Crear | Villager (Male) |
| 18:40 | Crear | Villager (Male) |
| 18:49 | Crear | Villager (Male) |
| 18:51 | Crear | Villager (Male) |
| 18:52 | Crear | Villager (Male) |
| 19:01 | Construir | Farm |
| 19:04 | Investigar | Horse Collar |
| 19:15 | Construir | Monastery |
| 19:17 | Crear | Villager (Male) |
| 19:28 | Construir | Farm |
| 19:35 | Crear | Villager (Male) |
| 19:41 | Crear | Villager (Male) |
| 19:53 | Construir | Lumber Camp |
| 19:57 | Crear | Villager (Male) |
| 19:57 | Crear | Villager (Male) |
| 19:58 | Crear | Villager (Male) |
| 20:02 | Crear | Monk |
| 20:03 | Crear | Villager (Male) |
| 20:06 | Crear | Villager (Male) |
| 20:10 | Construir | Farm |
| 20:17 | Construir | Farm |
| 20:19 | Construir | Farm |
| 20:20 | Crear | Villager (Male) |
| 20:26 | Construir | Farm |
| 20:31 | Crear | Villager (Male) |
| 20:34 | Crear | Monk |
| 20:39 | Construir | Farm |
| 20:44 | Construir | House |
| 20:45 | Crear | Villager (Male) |
| 20:48 | Construir | House |
| 20:49 | Construir | House |
| 20:50 | Construir | House |
| 20:51 | Crear | Villager (Male) |
| 20:53 | Construir | House |
| 21:01 | Construir | Farm |
| 21:04 | Construir | Farm |
| 21:05 | Crear | Villager (Male) |
| 21:05 | Crear | Villager (Male) |
| 21:06 | Crear | Villager (Male) |
| 21:19 | Crear | Villager (Male) |
| 21:19 | Crear | Villager (Male) |
| 21:27 | Construir | Farm |
| 21:28 | Construir | Farm |
| 21:30 | Construir | Farm |
| 21:30 | Crear | Villager (Male) |
| 21:38 | Crear | Villager (Male) |
| 21:42 | Construir | Farm |
| 21:42 | Crear | Villager (Male) |
| 21:51 | Crear | Villager (Male) |
| 21:54 | Construir | House |
| 21:54 | Crear | Villager (Male) |
| 21:55 | Construir | Barracks |
| 21:56 | Crear | Villager (Male) |
| 22:00 | Construir | Mining Camp |
| 22:08 | Investigar | Wheelbarrow |
| 22:15 | Construir | Farm |
| 22:19 | Crear | Villager (Male) |
| 22:24 | Construir | House |
| 22:25 | Crear | Villager (Male) |
| 22:28 | Crear | Villager (Male) |
| 22:31 | Crear | Villager (Male) |
| 22:31 | Crear | Villager (Male) |
| 22:41 | Crear | Villager (Male) |
| 22:54 | Crear | Monk |
| 22:54 | Crear | Villager (Male) |
| 22:56 | Construir | House |
| 22:57 | Construir | House |
| 23:06 | Construir | Archery Range |
| 23:07 | Crear | Villager (Male) |
| 23:30 | Construir | Mining Camp |
| 23:40 | Construir | Castle |
| 23:44 | Crear | Villager (Male) |
| 23:48 | Construir | Mining Camp |
| 23:50 | Crear | Villager (Male) |
| 23:50 | Crear | Villager (Male) |
| 23:53 | Construir | Mining Camp |
| 23:59 | Crear | Villager (Male) |
| 23:59 | Crear | Villager (Male) |
| 24:05 | Crear | Villager (Male) |
| 24:13 | Construir | Stone Wall |
Build order — Z_1_p_l_a
Primeras 150 de 350 acciones detectadas
| 0:15 | Construir | Dock |
| 0:19 | Construir | Town Center |
| 2:50 | Construir | House |
| 2:52 | Crear | Villager (Male) |
| 2:52 | Crear | Villager (Male) |
| 2:52 | Crear | Villager (Male) |
| 2:52 | Crear | Villager (Male) |
| 2:53 | Crear | Villager (Male) |
| 3:44 | Crear | Villager (Male) |
| 3:44 | Crear | Villager (Male) |
| 4:06 | Crear | Fishing Ship |
| 4:06 | Crear | Fishing Ship |
| 4:56 | Crear | Villager (Male) |
| 4:56 | Crear | Villager (Male) |
| 5:13 | Construir | House |
| 5:20 | Crear | Villager (Male) |
| 5:39 | Crear | Villager (Male) |
| 6:12 | Crear | Fishing Ship |
| 6:13 | Crear | Villager (Male) |
| 6:29 | Construir | House |
| 6:47 | Crear | Villager (Male) |
| 6:58 | Crear | Villager (Male) |
| 7:20 | Construir | House |
| 7:25 | Construir | House |
| 7:27 | Crear | Villager (Male) |
| 7:38 | Crear | Fishing Ship |
| 7:41 | Crear | Villager (Male) |
| 8:02 | Crear | Villager (Male) |
| 8:13 | Construir | House |
| 8:25 | Construir | House |
| 8:31 | Crear | Villager (Male) |
| 8:34 | Crear | Fishing Ship |
| 8:56 | Crear | Villager (Male) |
| 9:14 | Construir | Barracks |
| 9:18 | Crear | Villager (Male) |
| 9:41 | Crear | Villager (Male) |
| 10:16 | Construir | Mining Camp |
| 10:19 | Investigar | Feudal Age |
| 10:19 | Investigar | Feudal Age |
| 10:43 | Construir | Outpost |
| 10:46 | Construir | House |
| 10:51 | Crear | Militia |
| 10:51 | Crear | Militia |
| 11:13 | Construir | House |
| 11:14 | Crear | Militia |
| 11:15 | Crear | Militia |
| 11:15 | Crear | Militia |
| 11:33 | Construir | House |
| 11:37 | Crear | Militia |
| 11:58 | Crear | Militia |
| 12:01 | Construir | House |
| 12:08 | Crear | Villager (Male) |
| 12:20 | Crear | Militia |
| 12:29 | Edad | Edad Feudal |
| 12:33 | Investigar | Man-at-Arms (upgrade) |
| 12:37 | Construir | Outpost |
| 12:39 | Investigar | Town Watch |
| 12:46 | Crear | Villager (Male) |
| 12:53 | Investigar | Loom |
| 13:03 | Construir | Watch Tower |
| 13:14 | Construir | Watch Tower |
| 13:15 | Crear | Villager (Male) |
| 13:18 | Construir | House |
| 13:24 | Construir | Mining Camp |
| 13:32 | Crear | Villager (Male) |
| 13:44 | Construir | House |
| 13:45 | Construir | Palisade Wall |
| 14:09 | Construir | Blacksmith |
| 14:30 | Crear | Villager (Male) |
| 14:40 | Investigar | Fletching |
| 14:56 | Crear | Villager (Male) |
| 14:59 | Crear | Villager (Male) |
| 15:05 | Construir | Watch Tower |
| 15:36 | Crear | Villager (Male) |
| 15:48 | Construir | Palisade Wall |
| 15:49 | Construir | Palisade Wall |
| 15:50 | Construir | Palisade Wall |
| 15:51 | Construir | Palisade Wall |
| 15:58 | Construir | Palisade Wall |
| 16:11 | Crear | Villager (Male) |
| 16:21 | Construir | Outpost |
| 16:34 | Crear | Villager (Male) |
| 16:37 | Construir | Outpost |
| 16:49 | Construir | Outpost |
| 16:50 | Crear | Villager (Male) |
| 17:09 | Crear | Villager (Male) |
| 17:13 | Construir | Watch Tower |
| 17:16 | Construir | Palisade Wall |
| 17:16 | Construir | Palisade Wall |
| 17:17 | Construir | Palisade Wall |
| 17:46 | Construir | Watch Tower |
| 17:48 | Crear | Villager (Male) |
| 17:58 | Construir | Outpost |
| 18:16 | Crear | Villager (Male) |
| 18:24 | Construir | Dock |
| 18:33 | Construir | Palisade Wall |
| 18:57 | Crear | Villager (Male) |
| 19:04 | Construir | Mill |
| 19:15 | Construir | House |
| 19:28 | Crear | Villager (Male) |
| 19:44 | Construir | Market |
| 19:54 | Crear | Fishing Ship |
| 20:00 | Crear | Villager (Male) |
| 20:50 | Investigar | Castle Age |
| 20:50 | Investigar | Castle Age |
| 20:54 | Construir | Lumber Camp |
| 21:24 | Investigar | Double-Bit Axe |
| 21:25 | Investigar | Horse Collar |
| 21:25 | Investigar | Horse Collar |
| 21:28 | Crear | Fishing Ship |
| 21:39 | Crear | Militia |
| 21:39 | Crear | Militia |
| 21:43 | Construir | Barracks |
| 21:54 | Investigar | Gold Mining |
| 22:00 | Investigar | Stone Mining |
| 22:01 | Investigar | Stone Mining |
| 22:21 | Crear | Fishing Ship |
| 22:25 | Investigar | Tech 906 |
| 22:26 | Crear | Villager (Male) |
| 22:33 | Crear | Militia |
| 22:59 | Crear | Militia |
| 23:30 | Edad | Edad de los Castillos |
| 23:33 | Construir | Siege Workshop |
| 23:38 | Investigar | Squires |
| 23:39 | Investigar | Squires |
| 23:57 | Investigar | Scale Mail Armor |
| 23:57 | Investigar | Scale Mail Armor |
| 24:00 | Crear | Mangonel |
| 24:01 | Crear | Mangonel |
| 24:14 | Construir | Castle |
| 24:48 | Crear | Villager (Male) |
| 25:16 | Crear | Villager (Male) |
| 25:21 | Construir | Outpost |
| 25:32 | Crear | Battering Ram |
| 25:42 | Construir | House |
| 25:43 | Crear | Villager (Male) |
| 26:11 | Construir | Town Center |
| 26:12 | Crear | Huskarl |
| 26:26 | Crear | Huskarl |
| 26:38 | Construir | Farm |
| 26:39 | Construir | Farm |
| 26:41 | Construir | Farm |
| 26:41 | Construir | Farm |
| 26:46 | Crear | Huskarl |
| 26:46 | Crear | Huskarl |
| 27:05 | Construir | Mill |
| 27:23 | Crear | Huskarl |
| 27:36 | Construir | Farm |
| 27:53 | Crear | Villager (Male) |
| 27:56 | Construir | Farm |
Build order — KNAUROS
Primeras 150 de 242 acciones detectadas
| 0:15 | Construir | Town Center |
| 1:55 | Construir | Dock |
| 2:40 | Construir | House |
| 2:49 | Crear | Villager (Male) |
| 2:50 | Crear | Villager (Male) |
| 2:50 | Crear | Villager (Male) |
| 2:50 | Crear | Villager (Male) |
| 2:50 | Crear | Villager (Male) |
| 2:51 | Crear | Villager (Male) |
| 4:03 | Crear | Fishing Ship |
| 4:42 | Crear | Villager (Male) |
| 4:46 | Construir | House |
| 5:08 | Crear | Villager (Male) |
| 5:31 | Crear | Villager (Male) |
| 5:32 | Crear | Villager (Male) |
| 5:55 | Crear | Villager (Male) |
| 5:59 | Crear | Fishing Ship |
| 5:59 | Crear | Fishing Ship |
| 6:22 | Crear | Villager (Male) |
| 6:53 | Crear | Villager (Male) |
| 6:54 | Crear | Fishing Ship |
| 7:02 | Construir | House |
| 7:05 | Construir | House |
| 7:15 | Crear | Villager (Male) |
| 7:19 | Crear | Villager (Male) |
| 7:19 | Crear | Villager (Male) |
| 7:45 | Crear | Fishing Ship |
| 7:55 | Construir | House |
| 8:03 | Crear | Fishing Ship |
| 8:04 | Crear | Villager (Male) |
| 8:38 | Crear | Villager (Male) |
| 8:42 | Crear | Fishing Ship |
| 9:04 | Crear | Villager (Male) |
| 9:09 | Construir | House |
| 9:16 | Construir | Mining Camp |
| 9:19 | Crear | Villager (Male) |
| 9:39 | Crear | Villager (Male) |
| 9:58 | Crear | Villager (Male) |
| 10:25 | Crear | Villager (Male) |
| 10:52 | Construir | Palisade Wall |
| 11:00 | Construir | Dock |
| 11:04 | Crear | Villager (Male) |
| 11:20 | Crear | Fishing Ship |
| 11:39 | Crear | Villager (Male) |
| 11:44 | Construir | Mining Camp |
| 11:49 | Crear | Villager (Male) |
| 11:57 | Construir | Mill |
| 12:08 | Investigar | Feudal Age |
| 12:11 | Investigar | Loom |
| 12:13 | Crear | Villager (Male) |
| 12:32 | Construir | Lumber Camp |
| 12:52 | Crear | Villager (Male) |
| 13:02 | Crear | Villager (Male) |
| 13:03 | Construir | House |
| 13:15 | Crear | Villager (Male) |
| 13:19 | Crear | Villager (Male) |
| 13:24 | Construir | House |
| 13:29 | Construir | House |
| 13:38 | Crear | Villager (Male) |
| 13:54 | Crear | Villager (Male) |
| 14:02 | Construir | Lumber Camp |
| 14:15 | Investigar | Loom |
| 14:18 | Edad | Edad Feudal |
| 14:25 | Construir | Palisade Wall |
| 14:30 | Construir | House |
| 14:35 | Crear | Villager (Male) |
| 14:43 | Crear | Villager (Male) |
| 15:17 | Construir | Market |
| 15:21 | Crear | Villager (Male) |
| 15:34 | Construir | Watch Tower |
| 15:45 | Crear | Villager (Male) |
| 15:50 | Crear | Villager (Male) |
| 16:16 | Crear | Villager (Male) |
| 16:28 | Construir | House |
| 16:31 | Crear | Villager (Male) |
| 16:43 | Crear | Villager (Male) |
| 16:52 | Construir | Blacksmith |
| 16:58 | Crear | Villager (Male) |
| 17:07 | Investigar | Double-Bit Axe |
| 17:24 | Investigar | Castle Age |
| 17:34 | Construir | Farm |
| 17:35 | Investigar | Forging |
| 17:35 | Investigar | Fletching |
| 17:38 | Construir | Farm |
| 17:53 | Construir | Mining Camp |
| 17:55 | Investigar | Castle Age |
| 18:10 | Investigar | Fletching |
| 18:12 | Crear | Villager (Male) |
| 18:18 | Construir | House |
| 18:20 | Crear | Villager (Male) |
| 18:24 | Crear | Villager (Male) |
| 18:39 | Construir | House |
| 18:43 | Construir | Palisade Wall |
| 18:49 | Crear | Villager (Male) |
| 18:58 | Construir | Farm |
| 19:21 | Construir | Farm |
| 19:36 | Construir | House |
| 19:39 | Construir | House |
| 19:41 | Construir | House |
| 19:50 | Crear | Villager (Male) |
| 19:57 | Construir | Lumber Camp |
| 20:35 | Edad | Edad de los Castillos |
| 20:39 | Construir | Farm |
| 20:44 | Crear | Villager (Male) |
| 21:01 | Construir | Siege Workshop |
| 21:21 | Investigar | Bow Saw |
| 21:24 | Crear | Villager (Male) |
| 21:37 | Crear | Mangonel |
| 21:41 | Construir | Farm |
| 21:44 | Crear | Villager (Male) |
| 22:14 | Crear | Villager (Male) |
| 22:34 | Construir | Town Center |
| 22:59 | Crear | Villager (Male) |
| 22:59 | Crear | Villager (Male) |
| 23:11 | Crear | Villager (Male) |
| 23:15 | Crear | Villager (Male) |
| 23:20 | Construir | Farm |
| 23:24 | Crear | Villager (Male) |
| 23:51 | Crear | Villager (Male) |
| 23:59 | Crear | Scorpion |
| 24:48 | Crear | Villager (Male) |
| 25:00 | Crear | Villager (Male) |
| 25:05 | Construir | Monastery |
| 25:08 | Crear | Scorpion |
| 25:37 | Crear | Villager (Male) |
| 25:46 | Crear | Scorpion |
| 25:59 | Crear | Monk |
| 26:07 | Crear | Villager (Male) |
| 26:09 | Construir | Farm |
| 26:17 | Construir | Farm |
| 26:34 | Crear | Villager (Male) |
| 26:52 | Construir | Castle |
| 26:58 | Crear | Villager (Male) |
| 27:11 | Construir | House |
| 27:14 | Construir | House |
| 27:16 | Crear | Villager (Male) |
| 27:16 | Crear | Villager (Male) |
| 27:24 | Crear | Monk |
| 27:24 | Crear | Monk |
| 27:35 | Construir | Lumber Camp |
| 27:38 | Crear | Villager (Male) |
| 27:38 | Crear | Villager (Male) |
| 27:38 | Crear | Villager (Male) |
| 27:49 | Crear | Villager (Male) |
| 28:22 | Crear | Villager (Male) |
| 28:24 | Construir | Farm |
| 28:47 | Crear | Villager (Male) |
| 29:06 | Crear | Villager (Male) |
| 29:11 | Construir | Lumber Camp |
| 29:16 | Crear | Villager (Male) |
Build order — Jrfear
Primeras 150 de 370 acciones detectadas
| 0:15 | Construir | Town Center |
| 0:58 | Construir | Dock |
| 1:01 | Construir | Palisade Wall |
| 1:02 | Construir | Palisade Wall |
| 2:28 | Construir | House |
| 2:34 | Crear | Villager (Male) |
| 2:35 | Crear | Villager (Male) |
| 2:35 | Crear | Villager (Male) |
| 2:35 | Crear | Villager (Male) |
| 2:36 | Crear | Villager (Male) |
| 3:59 | Crear | Fishing Ship |
| 3:59 | Crear | Fishing Ship |
| 4:01 | Crear | Villager (Male) |
| 4:01 | Crear | Villager (Male) |
| 4:28 | Investigar | Loom |
| 4:41 | Crear | Fishing Ship |
| 4:53 | Construir | House |
| 5:07 | Crear | Villager (Male) |
| 5:07 | Crear | Villager (Male) |
| 5:07 | Crear | Villager (Male) |
| 5:41 | Crear | Fishing Ship |
| 5:42 | Crear | Fishing Ship |
| 5:51 | Crear | Villager (Male) |
| 5:51 | Crear | Villager (Male) |
| 6:08 | Construir | House |
| 6:09 | Crear | Villager (Male) |
| 6:09 | Crear | Villager (Male) |
| 6:09 | Crear | Villager (Male) |
| 6:30 | Crear | Villager (Male) |
| 6:30 | Crear | Villager (Male) |
| 6:47 | Crear | Fishing Ship |
| 6:57 | Crear | Villager (Male) |
| 6:57 | Crear | Villager (Male) |
| 7:04 | Construir | House |
| 7:11 | Crear | Fishing Ship |
| 7:12 | Crear | Fishing Ship |
| 7:29 | Crear | Villager (Male) |
| 7:29 | Crear | Villager (Male) |
| 7:53 | Crear | Villager (Male) |
| 7:53 | Crear | Villager (Male) |
| 7:55 | Crear | Fishing Ship |
| 8:07 | Construir | House |
| 8:08 | Construir | Palisade Wall |
| 8:09 | Construir | Palisade Wall |
| 8:19 | Crear | Villager (Male) |
| 8:19 | Crear | Villager (Male) |
| 8:51 | Crear | Fishing Ship |
| 8:53 | Crear | Villager (Male) |
| 8:53 | Crear | Villager (Male) |
| 8:54 | Crear | Villager (Male) |
| 8:57 | Construir | Dock |
| 9:03 | Construir | House |
| 9:16 | Crear | Fishing Ship |
| 9:24 | Crear | Villager (Male) |
| 9:36 | Crear | Fishing Ship |
| 9:37 | Crear | Villager (Male) |
| 9:38 | Crear | Villager (Male) |
| 9:46 | Construir | Lumber Camp |
| 9:50 | Construir | House |
| 9:52 | Construir | Palisade Wall |
| 10:09 | Crear | Villager (Male) |
| 10:09 | Crear | Villager (Male) |
| 10:10 | Crear | Villager (Male) |
| 10:17 | Crear | Fishing Ship |
| 10:29 | Crear | Fishing Ship |
| 10:35 | Crear | Villager (Male) |
| 10:35 | Crear | Villager (Male) |
| 10:52 | Crear | Fishing Ship |
| 10:55 | Crear | Villager (Male) |
| 11:12 | Crear | Fishing Ship |
| 11:17 | Crear | Villager (Male) |
| 11:17 | Crear | Villager (Male) |
| 11:23 | Construir | House |
| 11:25 | Crear | Villager (Male) |
| 11:26 | Crear | Villager (Male) |
| 11:56 | Crear | Villager (Male) |
| 12:00 | Construir | Mining Camp |
| 12:25 | Investigar | Feudal Age |
| 12:44 | Crear | Fishing Ship |
| 12:45 | Crear | Fishing Ship |
| 13:37 | Construir | Dock |
| 13:38 | Crear | Villager (Male) |
| 13:48 | Crear | Villager (Male) |
| 13:54 | Construir | House |
| 13:58 | Construir | House |
| 14:18 | Crear | Villager (Male) |
| 14:35 | Edad | Edad Feudal |
| 14:39 | Construir | Mill |
| 14:46 | Crear | Unit 2626 |
| 14:46 | Crear | Unit 2626 |
| 14:46 | Crear | Unit 2626 |
| 14:53 | Investigar | Double-Bit Axe |
| 14:54 | Crear | Villager (Male) |
| 15:13 | Construir | Blacksmith |
| 15:21 | Crear | Villager (Male) |
| 15:23 | Crear | Villager (Male) |
| 15:37 | Crear | Unit 2626 |
| 15:37 | Crear | Unit 2626 |
| 15:40 | Crear | Unit 2626 |
| 15:55 | Crear | Unit 2626 |
| 15:56 | Crear | Villager (Male) |
| 16:02 | Construir | House |
| 16:03 | Construir | House |
| 16:07 | Crear | Villager (Male) |
| 16:33 | Crear | Unit 2626 |
| 16:34 | Crear | Unit 2626 |
| 16:34 | Crear | Unit 2626 |
| 16:42 | Crear | Unit 2626 |
| 16:43 | Crear | Villager (Male) |
| 16:47 | Construir | House |
| 17:10 | Crear | Fire Galley ×2 |
| 17:13 | Crear | Fire Galley |
| 17:23 | Crear | Villager (Male) |
| 17:57 | Crear | Villager (Male) |
| 17:59 | Investigar | Scale Mail Armor |
| 18:04 | Construir | Market |
| 18:09 | Crear | Villager (Male) |
| 18:12 | Crear | Unit 2626 ×3 |
| 18:41 | Crear | Unit 2626 |
| 18:41 | Crear | Unit 2626 |
| 18:41 | Crear | Unit 2626 |
| 18:48 | Investigar | Castle Age |
| 18:53 | Construir | House |
| 18:53 | Construir | House |
| 19:01 | Construir | House |
| 19:05 | Construir | Mining Camp |
| 19:29 | Crear | Villager (Male) |
| 19:34 | Investigar | Gold Mining |
| 20:11 | Crear | Demolition Raft |
| 20:14 | Crear | Demolition Raft |
| 20:16 | Construir | House |
| 20:16 | Construir | House |
| 20:25 | Crear | Unit 2626 |
| 20:37 | Crear | Villager (Male) |
| 20:46 | Crear | Demolition Raft |
| 20:50 | Crear | Villager (Male) |
| 20:54 | Construir | Lumber Camp |
| 21:28 | Edad | Edad de los Castillos |
| 21:33 | Investigar | War Galley (upgrade) |
| 21:42 | Investigar | Forging |
| 21:45 | Investigar | Chain Mail Armor |
| 21:47 | Investigar | Bow Saw |
| 21:48 | Crear | Villager (Male) |
| 21:48 | Crear | Villager (Male) |
| 21:54 | Construir | Town Center |
| 22:11 | Construir | House |
| 22:39 | Crear | Unit 2626 |
| 22:39 | Crear | Unit 2626 |
| 22:56 | Crear | Villager (Male) |
| 23:04 | Construir | House |
Build order — paedi27
Primeras 150 de 333 acciones detectadas
| 0:10 | Construir | Town Center |
| 1:26 | Construir | Dock |
| 2:30 | Crear | Villager (Male) |
| 2:30 | Crear | Villager (Male) |
| 2:30 | Crear | Villager (Male) |
| 2:30 | Crear | Villager (Male) |
| 2:31 | Crear | Villager (Male) |
| 2:31 | Crear | Villager (Male) |
| 2:34 | Construir | House |
| 3:37 | Crear | Fishing Ship |
| 3:37 | Crear | Fishing Ship |
| 3:59 | Crear | Villager (Male) |
| 3:59 | Crear | Villager (Male) |
| 4:27 | Crear | Villager (Male) |
| 4:27 | Crear | Villager (Male) |
| 4:35 | Construir | House |
| 5:00 | Crear | Villager (Male) |
| 5:01 | Crear | Villager (Male) |
| 5:28 | Crear | Villager (Male) |
| 5:28 | Crear | Villager (Male) |
| 5:46 | Construir | House |
| 5:56 | Crear | Villager (Male) |
| 5:56 | Crear | Villager (Male) |
| 5:57 | Crear | Villager (Male) |
| 6:00 | Crear | Fishing Ship |
| 6:00 | Crear | Fishing Ship |
| 6:01 | Crear | Fishing Ship |
| 6:23 | Crear | Villager (Male) |
| 6:24 | Crear | Villager (Male) |
| 6:55 | Construir | House |
| 7:05 | Crear | Villager (Male) |
| 7:06 | Crear | Fishing Ship |
| 7:16 | Construir | House |
| 7:38 | Crear | Villager (Male) |
| 7:38 | Crear | Villager (Male) |
| 7:38 | Crear | Villager (Male) |
| 7:39 | Crear | Villager (Male) |
| 7:44 | Construir | House |
| 7:53 | Crear | Fishing Ship |
| 7:54 | Crear | Fishing Ship |
| 8:10 | Construir | House |
| 8:14 | Construir | Palisade Wall |
| 8:39 | Construir | House |
| 8:43 | Crear | Villager (Male) |
| 8:43 | Crear | Villager (Male) |
| 9:06 | Construir | Lumber Camp |
| 9:09 | Crear | Villager (Male) |
| 9:09 | Crear | Villager (Male) |
| 9:09 | Crear | Villager (Male) |
| 9:09 | Crear | Villager (Male) |
| 9:10 | Crear | Villager (Male) |
| 9:10 | Crear | Villager (Male) |
| 9:49 | Construir | Dock |
| 10:16 | Construir | Mining Camp |
| 10:26 | Construir | Palisade Wall |
| 10:34 | Crear | Fishing Ship |
| 10:34 | Crear | Fishing Ship |
| 11:09 | Investigar | Feudal Age |
| 11:22 | Construir | Dock |
| 11:58 | Construir | House |
| 12:30 | Crear | Villager (Male) |
| 13:03 | Construir | Mill |
| 13:19 | Edad | Edad Feudal |
| 13:24 | Construir | Blacksmith |
| 13:45 | Crear | Villager (Male) |
| 13:47 | Construir | Market |
| 14:11 | Crear | Villager (Male) |
| 14:15 | Investigar | Loom |
| 14:20 | Construir | Palisade Wall |
| 14:55 | Investigar | Castle Age |
| 15:23 | Crear | Unit 2626 |
| 15:24 | Crear | Unit 2626 |
| 15:42 | Crear | Unit 2626 ×2 |
| 16:12 | Crear | Unit 2626 |
| 16:13 | Crear | Unit 2626 |
| 16:18 | Crear | Villager (Male) |
| 16:18 | Crear | Villager (Male) |
| 16:18 | Crear | Villager (Male) |
| 16:19 | Crear | Villager (Male) |
| 16:19 | Crear | Villager (Male) |
| 16:27 | Crear | Unit 2626 |
| 16:28 | Crear | Unit 2626 |
| 17:08 | Crear | Unit 2626 |
| 17:09 | Crear | Unit 2626 |
| 17:20 | Construir | Dock |
| 17:35 | Edad | Edad de los Castillos |
| 17:37 | Investigar | War Galley (upgrade) |
| 18:02 | Crear | Unit 2626 |
| 18:02 | Crear | Unit 2626 |
| 18:20 | Crear | Demolition Raft |
| 18:55 | Crear | Unit 2626 |
| 18:55 | Crear | Unit 2626 |
| 18:57 | Crear | Villager (Male) |
| 18:57 | Crear | Villager (Male) |
| 18:57 | Crear | Villager (Male) |
| 18:57 | Crear | Villager (Male) |
| 19:19 | Crear | Unit 2626 |
| 19:19 | Crear | Unit 2626 |
| 19:32 | Investigar | Double-Bit Axe |
| 19:38 | Crear | Unit 2626 ×2 |
| 19:38 | Crear | Unit 2626 ×2 |
| 20:05 | Construir | House |
| 20:13 | Construir | House |
| 20:15 | Construir | House |
| 20:17 | Construir | House |
| 20:46 | Construir | House |
| 21:00 | Crear | Unit 2626 |
| 21:00 | Crear | Unit 2626 |
| 21:30 | Crear | Unit 2626 |
| 21:31 | Crear | Unit 2626 |
| 21:32 | Crear | Unit 2626 |
| 21:54 | Crear | Villager (Male) |
| 21:55 | Crear | Villager (Male) |
| 21:55 | Crear | Villager (Male) |
| 22:16 | Crear | Villager (Male) |
| 22:16 | Crear | Villager (Male) |
| 22:26 | Construir | Donjon |
| 22:37 | Construir | Donjon |
| 22:52 | Construir | Donjon |
| 23:12 | Crear | Villager (Male) |
| 23:12 | Crear | Villager (Male) |
| 23:25 | Construir | Town Center |
| 23:52 | Construir | Donjon |
| 24:02 | Construir | Farm |
| 24:04 | Construir | Farm |
| 25:29 | Construir | Town Center |
| 25:37 | Construir | Farm |
| 25:41 | Construir | Farm |
| 25:44 | Construir | Lumber Camp |
| 25:48 | Crear | Villager (Male) |
| 25:48 | Crear | Villager (Male) |
| 25:59 | Construir | Mill |
| 26:18 | Construir | Farm |
| 26:20 | Construir | Farm |
| 26:23 | Construir | Farm |
| 26:53 | Crear | Villager (Male) |
| 26:53 | Crear | Villager (Male) |
| 27:09 | Construir | Siege Workshop |
| 27:24 | Crear | Serjeant |
| 27:25 | Crear | Serjeant |
| 27:42 | Crear | Villager (Male) |
| 27:42 | Crear | Villager (Male) |
| 27:43 | Crear | Villager (Male) |
| 27:48 | Crear | Serjeant |
| 27:48 | Crear | Serjeant |
| 27:57 | Construir | Market |
| 28:05 | Crear | Villager (Male) |
| 28:05 | Crear | Villager (Male) |
| 28:26 | Crear | Serjeant |
| 28:26 | Crear | Serjeant |
Build order — Théoden
Primeras 150 de 313 acciones detectadas
| 0:17 | Construir | Town Center |
| 2:33 | Construir | House |
| 2:34 | Crear | Villager (Male) |
| 2:34 | Crear | Villager (Male) |
| 2:34 | Crear | Villager (Male) |
| 2:39 | Crear | Villager (Male) |
| 2:39 | Crear | Villager (Male) |
| 2:42 | Construir | Dock |
| 3:30 | Investigar | Loom |
| 3:55 | Crear | Fishing Ship |
| 3:56 | Crear | Fishing Ship |
| 3:56 | Crear | Fishing Ship |
| 4:33 | Crear | Villager (Male) |
| 4:57 | Crear | Villager (Male) |
| 4:57 | Crear | Villager (Male) |
| 5:09 | Construir | House |
| 5:21 | Crear | Villager (Male) |
| 5:21 | Crear | Villager (Male) |
| 5:21 | Crear | Villager (Male) |
| 5:53 | Crear | Villager (Male) |
| 5:53 | Crear | Villager (Male) |
| 5:55 | Crear | Villager (Male) |
| 6:14 | Crear | Villager (Male) |
| 6:44 | Crear | Villager (Male) |
| 6:44 | Crear | Villager (Male) |
| 6:44 | Crear | Villager (Male) |
| 6:55 | Construir | House |
| 7:34 | Crear | Villager (Male) |
| 7:37 | Crear | Fishing Ship |
| 7:37 | Crear | Fishing Ship |
| 7:54 | Crear | Villager (Male) |
| 8:04 | Construir | House |
| 8:25 | Crear | Fishing Ship |
| 8:29 | Crear | Villager (Male) |
| 8:29 | Crear | Villager (Male) |
| 8:42 | Construir | House |
| 9:04 | Crear | Fishing Ship |
| 9:32 | Crear | Villager (Male) |
| 9:44 | Crear | Villager (Male) |
| 9:48 | Crear | Villager (Male) |
| 10:07 | Crear | Fishing Ship |
| 10:16 | Crear | Villager (Male) |
| 10:33 | Construir | House |
| 10:34 | Crear | Villager (Male) |
| 11:02 | Construir | Mill |
| 11:24 | Construir | House |
| 11:26 | Crear | Villager (Male) |
| 11:43 | Investigar | Feudal Age |
| 11:43 | Investigar | Feudal Age |
| 11:43 | Investigar | Feudal Age |
| 11:45 | Crear | Villager (Male) |
| 12:19 | Construir | Mining Camp |
| 12:29 | Crear | Fishing Ship |
| 12:44 | Crear | Villager (Male) |
| 12:54 | Construir | Mining Camp |
| 13:29 | Construir | Palisade Wall |
| 13:32 | Construir | Palisade Wall |
| 13:34 | Construir | Palisade Wall |
| 13:43 | Construir | Palisade Wall |
| 13:45 | Construir | Palisade Wall |
| 13:59 | Construir | Palisade Wall |
| 14:01 | Edad | Edad Feudal |
| 14:02 | Crear | Villager (Male) |
| 14:10 | Construir | Market |
| 14:14 | Construir | Market |
| 14:15 | Construir | Blacksmith |
| 14:20 | Construir | Blacksmith |
| 14:25 | Crear | Villager (Male) |
| 14:53 | Crear | Villager (Male) |
| 15:36 | Investigar | Castle Age |
| 15:36 | Investigar | Castle Age |
| 15:37 | Investigar | Castle Age |
| 16:08 | Crear | Villager (Male) |
| 16:08 | Crear | Villager (Male) |
| 16:18 | Construir | Palisade Wall |
| 16:21 | Construir | Palisade Wall |
| 16:22 | Construir | Palisade Wall |
| 16:26 | Construir | Palisade Wall |
| 16:29 | Construir | Palisade Wall |
| 17:00 | Crear | Villager (Male) |
| 17:17 | Crear | Villager (Male) |
| 17:45 | Crear | Villager (Male) |
| 18:17 | Crear | Villager (Male) |
| 18:21 | Edad | Edad de los Castillos |
| 18:23 | Construir | Castle |
| 18:27 | Crear | Villager (Male) |
| 18:36 | Construir | Stone Wall |
| 18:38 | Crear | Villager (Male) |
| 18:48 | Construir | Monastery |
| 18:54 | Crear | Villager (Male) |
| 19:03 | Construir | Lumber Camp |
| 19:03 | Crear | Villager (Male) |
| 19:14 | Crear | Fishing Ship |
| 19:33 | Crear | Arambai |
| 19:33 | Crear | Arambai |
| 19:41 | Crear | Villager (Male) |
| 19:44 | Crear | Monk |
| 19:47 | Construir | Stone Wall |
| 19:48 | Construir | Stone Wall |
| 20:02 | Crear | Villager (Male) |
| 20:10 | Crear | Villager (Male) |
| 20:19 | Crear | Monk |
| 20:21 | Crear | Villager (Male) |
| 20:24 | Crear | Arambai |
| 20:25 | Investigar | Padded Archer Armor |
| 20:26 | Investigar | Padded Archer Armor |
| 20:32 | Crear | Villager (Male) |
| 20:34 | Investigar | Horse Collar |
| 20:48 | Crear | Villager (Male) |
| 20:50 | Crear | Arambai |
| 21:09 | Crear | Villager (Male) |
| 21:16 | Crear | Arambai |
| 21:16 | Crear | Arambai |
| 21:28 | Crear | Villager (Male) |
| 21:30 | Crear | Arambai |
| 21:54 | Crear | Arambai |
| 21:55 | Crear | Villager (Male) |
| 22:00 | Investigar | Wheelbarrow |
| 22:02 | Crear | Villager (Male) |
| 22:07 | Crear | Arambai |
| 22:18 | Crear | Villager (Male) |
| 22:27 | Crear | Arambai |
| 22:37 | Crear | Villager (Male) |
| 23:01 | Construir | Castle |
| 23:01 | Crear | Villager (Male) |
| 23:04 | Crear | Arambai |
| 23:05 | Crear | Arambai |
| 23:21 | Crear | Arambai |
| 23:29 | Construir | Lumber Camp |
| 23:31 | Crear | Arambai |
| 23:43 | Crear | Arambai |
| 23:50 | Construir | House |
| 23:52 | Crear | Arambai |
| 24:07 | Crear | Arambai |
| 24:07 | Crear | Arambai |
| 24:17 | Crear | Arambai |
| 24:17 | Crear | Arambai |
| 24:31 | Construir | Lumber Camp |
| 24:38 | Crear | Villager (Male) |
| 24:54 | Construir | Barracks |
| 24:57 | Crear | Arambai |
| 24:57 | Crear | Arambai |
| 25:37 | Construir | University |
| 25:38 | Crear | Villager (Male) |
| 25:42 | Crear | Arambai |
| 25:42 | Crear | Arambai |
| 25:42 | Crear | Arambai |
| 25:48 | Investigar | Gold Mining |
| 26:04 | Crear | Villager (Male) |
| 26:07 | Construir | Stable |
Build order — joylettuce
Primeras 150 de 435 acciones detectadas
| 0:14 | Construir | Town Center |
| 1:30 | Construir | Dock |
| 2:13 | Construir | House |
| 2:37 | Crear | Villager (Male) |
| 2:38 | Crear | Villager (Male) |
| 2:38 | Crear | Villager (Male) |
| 2:38 | Crear | Villager (Male) |
| 2:38 | Crear | Villager (Male) |
| 3:58 | Crear | Fishing Ship |
| 4:08 | Construir | House |
| 4:16 | Investigar | Loom |
| 4:33 | Crear | Villager (Male) |
| 4:34 | Crear | Villager (Male) |
| 4:37 | Construir | House |
| 5:06 | Crear | Fishing Ship |
| 5:20 | Crear | Villager (Male) |
| 5:20 | Crear | Villager (Male) |
| 5:47 | Crear | Villager (Male) |
| 5:47 | Crear | Villager (Male) |
| 5:52 | Construir | House |
| 6:18 | Crear | Villager (Male) |
| 6:18 | Crear | Villager (Male) |
| 6:19 | Crear | Villager (Male) |
| 6:19 | Crear | Villager (Male) |
| 6:47 | Crear | Fishing Ship |
| 7:02 | Crear | Villager (Male) |
| 7:02 | Crear | Villager (Male) |
| 7:13 | Crear | Villager (Male) |
| 7:13 | Crear | Villager (Male) |
| 7:31 | Crear | Villager (Male) |
| 7:31 | Crear | Villager (Male) |
| 7:34 | Crear | Fishing Ship |
| 7:34 | Crear | Fishing Ship |
| 8:04 | Construir | House |
| 8:24 | Crear | Fishing Ship |
| 8:24 | Crear | Fishing Ship |
| 8:42 | Crear | Villager (Male) |
| 9:02 | Construir | Mill |
| 9:08 | Crear | Fishing Ship |
| 9:11 | Crear | Villager (Male) |
| 9:11 | Crear | Villager (Male) |
| 10:01 | Construir | House |
| 10:03 | Crear | Villager (Male) |
| 10:05 | Crear | Villager (Male) |
| 10:06 | Crear | Villager (Male) |
| 10:39 | Construir | House |
| 11:36 | Construir | Mule Cart |
| 11:40 | Investigar | Feudal Age |
| 12:03 | Construir | Dock |
| 13:22 | Crear | Villager (Male) |
| 13:22 | Crear | Villager (Male) |
| 13:22 | Crear | Villager (Male) |
| 13:23 | Crear | Villager (Male) |
| 13:50 | Edad | Edad Feudal |
| 13:55 | Construir | Market |
| 14:00 | Construir | Blacksmith |
| 14:40 | Investigar | Double-Bit Axe |
| 14:48 | Investigar | Castle Age |
| 14:55 | Crear | Unit 2626 |
| 14:55 | Crear | Unit 2626 |
| 15:05 | Construir | House |
| 15:06 | Construir | House |
| 15:15 | Investigar | Gold Mining |
| 15:40 | Investigar | Horse Collar |
| 15:48 | Crear | Unit 2626 |
| 15:48 | Crear | Unit 2626 |
| 16:32 | Crear | Fire Galley ×2 |
| 16:34 | Crear | Villager (Male) |
| 16:34 | Crear | Villager (Male) |
| 17:18 | Crear | Villager (Male) |
| 17:18 | Crear | Villager (Male) |
| 17:26 | Crear | Unit 2626 |
| 17:26 | Crear | Unit 2626 |
| 17:45 | Edad | Edad de los Castillos |
| 17:52 | Construir | Town Center |
| 18:28 | Investigar | War Galley (upgrade) |
| 18:28 | Investigar | War Galley (upgrade) |
| 19:01 | Crear | Villager (Male) |
| 19:01 | Crear | Villager (Male) |
| 19:07 | Investigar | Bow Saw |
| 19:23 | Crear | Unit 2626 |
| 19:26 | Crear | Villager (Male) |
| 19:26 | Crear | Villager (Male) |
| 19:26 | Crear | Villager (Male) |
| 19:26 | Crear | Villager (Male) |
| 19:27 | Crear | Villager (Male) |
| 19:27 | Crear | Villager (Male) |
| 19:27 | Crear | Villager (Male) |
| 19:46 | Crear | Unit 2626 |
| 19:46 | Crear | Unit 2626 |
| 20:10 | Crear | Villager (Male) |
| 20:10 | Crear | Villager (Male) |
| 20:10 | Crear | Villager (Male) |
| 20:11 | Crear | Villager (Male) |
| 20:24 | Construir | House |
| 20:24 | Construir | House |
| 20:24 | Construir | House |
| 20:51 | Construir | Town Center |
| 21:20 | Crear | Unit 2626 ×4 |
| 21:34 | Crear | Villager (Male) |
| 21:35 | Crear | Villager (Male) |
| 21:35 | Crear | Villager (Male) |
| 21:40 | Construir | House |
| 21:40 | Construir | House |
| 21:40 | Construir | House |
| 21:55 | Crear | Demolition Raft |
| 21:55 | Crear | Demolition Raft |
| 21:55 | Crear | Demolition Raft |
| 21:55 | Crear | Demolition Raft |
| 21:56 | Crear | Demolition Raft |
| 22:10 | Investigar | Wheelbarrow |
| 22:14 | Crear | Villager (Male) |
| 22:14 | Crear | Villager (Male) |
| 22:15 | Crear | Villager (Male) |
| 22:15 | Crear | Villager (Male) |
| 22:15 | Crear | Villager (Male) |
| 22:15 | Crear | Villager (Male) |
| 23:15 | Crear | Demolition Raft ×3 |
| 23:16 | Crear | Demolition Raft ×3 |
| 23:28 | Crear | Villager (Male) |
| 23:28 | Crear | Villager (Male) |
| 23:28 | Crear | Villager (Male) |
| 23:37 | Construir | Farm |
| 23:37 | Construir | Farm |
| 23:38 | Construir | Farm |
| 23:38 | Construir | Farm |
| 23:38 | Construir | Farm |
| 23:38 | Construir | Farm |
| 23:38 | Construir | Farm |
| 23:39 | Construir | Farm |
| 23:39 | Construir | Farm |
| 23:39 | Construir | Farm |
| 23:39 | Construir | Farm |
| 23:40 | Construir | Farm |
| 24:14 | Crear | Villager (Male) |
| 24:14 | Crear | Villager (Male) |
| 24:14 | Crear | Villager (Male) |
| 24:24 | Crear | Villager (Male) |
| 24:25 | Crear | Villager (Male) |
| 24:25 | Crear | Villager (Male) |
| 24:29 | Construir | Farm |
| 24:29 | Construir | Farm |
| 24:29 | Construir | Farm |
| 24:30 | Construir | Farm |
| 24:30 | Construir | Farm |
| 24:30 | Construir | Farm |
| 24:40 | Crear | Villager (Male) |
| 24:41 | Crear | Villager (Male) |
| 25:04 | Crear | Villager (Male) |
| 25:04 | Crear | Villager (Male) |
Build order — 3046964519
Primeras 150 de 421 acciones detectadas
| 0:14 | Construir | Town Center |
| 1:05 | Construir | Dock |
| 1:07 | Construir | House |
| 2:37 | Crear | Villager (Male) |
| 2:37 | Crear | Villager (Male) |
| 2:37 | Crear | Villager (Male) |
| 2:37 | Crear | Villager (Male) |
| 2:37 | Crear | Villager (Male) |
| 3:42 | Crear | Fishing Ship |
| 3:42 | Crear | Fishing Ship |
| 4:08 | Crear | Villager (Male) |
| 4:08 | Investigar | Loom |
| 4:19 | Construir | House |
| 4:41 | Crear | Fishing Ship |
| 4:41 | Crear | Fishing Ship |
| 5:03 | Crear | Villager (Male) |
| 5:24 | Crear | Villager (Male) |
| 5:24 | Crear | Villager (Male) |
| 5:49 | Crear | Villager (Male) |
| 6:08 | Crear | Fishing Ship |
| 6:12 | Crear | Villager (Male) |
| 6:12 | Crear | Villager (Male) |
| 6:19 | Construir | House |
| 6:43 | Crear | Villager (Male) |
| 6:43 | Crear | Villager (Male) |
| 6:57 | Crear | Villager (Male) |
| 6:57 | Crear | Villager (Male) |
| 7:19 | Crear | Fishing Ship |
| 7:19 | Crear | Fishing Ship |
| 7:21 | Construir | House |
| 7:32 | Crear | Villager (Male) |
| 7:46 | Crear | Villager (Male) |
| 7:58 | Crear | Fishing Ship |
| 7:58 | Crear | Fishing Ship |
| 8:24 | Crear | Villager (Male) |
| 8:33 | Construir | Lumber Camp |
| 8:39 | Crear | Villager (Male) |
| 9:01 | Construir | House |
| 9:09 | Crear | Villager (Male) |
| 9:14 | Construir | House |
| 9:27 | Crear | Villager (Male) |
| 9:52 | Crear | Fishing Ship |
| 10:01 | Crear | Villager (Male) |
| 10:09 | Construir | Mining Camp |
| 10:25 | Crear | Villager (Male) |
| 10:37 | Construir | House |
| 10:57 | Investigar | Feudal Age |
| 10:57 | Investigar | Feudal Age |
| 11:02 | Construir | Mining Camp |
| 11:48 | Construir | Dock |
| 12:02 | Crear | Villager (Male) |
| 12:03 | Crear | Villager (Male) |
| 12:28 | Construir | Dock |
| 13:07 | Edad | Edad Feudal |
| 13:08 | Construir | House |
| 13:11 | Crear | Unit 2626 |
| 13:12 | Crear | Unit 2626 |
| 13:12 | Crear | Unit 2626 |
| 13:16 | Investigar | Double-Bit Axe |
| 13:16 | Investigar | Double-Bit Axe |
| 13:17 | Investigar | Double-Bit Axe |
| 13:21 | Crear | Villager (Male) |
| 13:24 | Construir | House |
| 13:34 | Investigar | Gold Mining |
| 13:35 | Investigar | Gold Mining |
| 13:49 | Crear | Unit 2626 |
| 13:49 | Crear | Unit 2626 |
| 13:58 | Crear | Unit 2626 |
| 13:59 | Crear | Unit 2626 |
| 14:07 | Crear | Unit 2626 |
| 14:08 | Crear | Unit 2626 |
| 14:08 | Crear | Unit 2626 |
| 14:15 | Construir | House |
| 14:17 | Construir | House |
| 14:20 | Crear | Villager (Male) |
| 14:21 | Crear | Villager (Male) |
| 14:21 | Crear | Villager (Male) |
| 14:21 | Crear | Villager (Male) |
| 14:21 | Crear | Villager (Male) |
| 14:49 | Crear | Fire Galley |
| 14:49 | Crear | Fire Galley |
| 14:50 | Crear | Fire Galley |
| 15:07 | Crear | Villager (Male) |
| 15:14 | Crear | Fire Galley |
| 15:14 | Crear | Fire Galley |
| 15:25 | Construir | Blacksmith |
| 15:29 | Crear | Villager (Male) |
| 15:30 | Crear | Villager (Male) |
| 15:34 | Construir | Mill |
| 16:19 | Crear | Villager (Male) |
| 16:22 | Construir | Market |
| 17:29 | Construir | House |
| 17:30 | Construir | House |
| 17:33 | Construir | House |
| 18:04 | Investigar | Castle Age |
| 18:09 | Crear | Unit 2626 |
| 18:09 | Crear | Unit 2626 |
| 18:09 | Crear | Unit 2626 |
| 18:10 | Crear | Unit 2626 |
| 18:10 | Crear | Unit 2626 |
| 18:24 | Construir | Stone Wall |
| 19:08 | Crear | Unit 2626 |
| 19:08 | Crear | Unit 2626 |
| 19:08 | Crear | Unit 2626 |
| 19:35 | Crear | Villager (Male) |
| 19:35 | Crear | Villager (Male) |
| 20:08 | Crear | Unit 2626 |
| 20:08 | Crear | Unit 2626 |
| 20:08 | Crear | Unit 2626 |
| 20:47 | Edad | Edad de los Castillos |
| 20:52 | Investigar | War Galley (upgrade) |
| 20:52 | Investigar | War Galley (upgrade) |
| 20:52 | Investigar | War Galley (upgrade) |
| 20:55 | Crear | Villager (Male) |
| 21:05 | Investigar | Bow Saw |
| 21:05 | Investigar | Bow Saw |
| 21:06 | Investigar | Bow Saw |
| 21:30 | Crear | Unit 2626 |
| 21:30 | Crear | Unit 2626 |
| 21:31 | Crear | Unit 2626 |
| 21:31 | Crear | Unit 2626 |
| 21:31 | Crear | Unit 2626 |
| 21:31 | Crear | Unit 2626 |
| 21:53 | Crear | Villager (Male) |
| 22:02 | Crear | Villager (Male) |
| 22:02 | Crear | Villager (Male) |
| 22:11 | Construir | Monastery |
| 22:17 | Crear | Villager (Male) |
| 22:18 | Crear | Villager (Male) |
| 22:18 | Crear | Villager (Male) |
| 22:50 | Investigar | Wheelbarrow |
| 22:51 | Investigar | Wheelbarrow |
| 22:58 | Construir | Castle |
| 23:00 | Crear | Monk |
| 23:12 | Crear | Villager (Male) |
| 23:12 | Crear | Villager (Male) |
| 23:19 | Crear | Villager (Male) |
| 23:41 | Crear | Magyar Huszar |
| 23:42 | Crear | Magyar Huszar |
| 23:42 | Crear | Magyar Huszar |
| 23:42 | Crear | Magyar Huszar |
| 24:08 | Crear | Magyar Huszar |
| 24:08 | Crear | Magyar Huszar |
| 24:14 | Crear | Villager (Male) |
| 24:32 | Crear | Magyar Huszar |
| 24:41 | Construir | Siege Workshop |
| 24:44 | Crear | Magyar Huszar |
| 24:47 | Crear | Villager (Male) |
| 25:01 | Investigar | Scale Barding Armor |
| 25:01 | Investigar | Scale Barding Armor |
Cronología de la partida
| 0:15 | Z_1_p_l_a · first_building Dock |
| 0:53 | squashy5000 · wall_segment Palisade Wall x1 |
| 0:58 | Jrfear · first_building Dock |
| 0:58 | squashy5000 · first_building Dock |
| 1:01 | Jrfear · wall_segment Palisade Wall x1 |
| 1:02 | Jrfear · wall_segment Palisade Wall x1 |
| 1:05 | 3046964519 · first_building Dock |
| 1:26 | paedi27 · first_building Dock |
| 1:30 | joylettuce · first_building Dock |
| 1:55 | KNAUROS · first_building Dock |
| 2:42 | Théoden · first_building Dock |
| 8:08 | Jrfear · wall_segment Palisade Wall x1 |
| 8:09 | Jrfear · wall_segment Palisade Wall x1 |
| 8:14 | paedi27 · wall_segment Palisade Wall x4 |
| 9:14 | Z_1_p_l_a · first_building Barracks |
| 9:52 | Jrfear · wall_segment Palisade Wall x8 |
| 10:26 | paedi27 · wall_segment Palisade Wall x6 |
| 10:43 | squashy5000 · wall_segment Palisade Wall x1 |
| 10:46 | squashy5000 · wall_segment Palisade Wall x1 |
| 10:52 | KNAUROS · wall_segment Palisade Wall x1 |
| 12:29 | Z_1_p_l_a · age_up feudal |
| 13:07 | 3046964519 · age_up feudal |
| 13:16 | squashy5000 · wall_segment Palisade Wall x1 |
| 13:18 | squashy5000 · wall_segment Palisade Wall x1 |
| 13:19 | paedi27 · age_up feudal |
| 13:29 | Théoden · wall_segment Palisade Wall x1 |
| 13:32 | Théoden · wall_segment Palisade Wall x1 |
| 13:34 | Théoden · wall_segment Palisade Wall x1 |
| 13:35 | squashy5000 · age_up feudal |
| 13:43 | Théoden · wall_segment Palisade Wall x1 |
| 13:45 | Théoden · wall_segment Palisade Wall x1 |
| 13:45 | Z_1_p_l_a · wall_segment Palisade Wall x1 |
| 13:50 | joylettuce · age_up feudal |
| 13:59 | Théoden · wall_segment Palisade Wall x1 |
| 14:01 | Théoden · age_up feudal |
| 14:18 | KNAUROS · age_up feudal |
| 14:20 | paedi27 · wall_segment Palisade Wall x5 |
| 14:25 | KNAUROS · wall_segment Palisade Wall x1 |
| 14:26 | paedi27 · first_market_sell 100 stone |
| 14:27 | paedi27 · first_market_buy 100 food |
| 14:35 | Jrfear · age_up feudal |
| 15:48 | Z_1_p_l_a · wall_segment Palisade Wall x1 |
| 15:49 | Z_1_p_l_a · wall_segment Palisade Wall x1 |
| 15:50 | Z_1_p_l_a · wall_segment Palisade Wall x1 |
| 15:51 | Z_1_p_l_a · wall_segment Palisade Wall x1 |
| 15:58 | Z_1_p_l_a · wall_segment Palisade Wall x1 |
| 15:58 | squashy5000 · wall_segment Palisade Wall x1 |
| 16:18 | Théoden · wall_segment Palisade Wall x1 |
| 16:21 | Théoden · wall_segment Palisade Wall x1 |
| 16:22 | Théoden · wall_segment Palisade Wall x1 |
| 16:26 | squashy5000 · first_market_buy 100 wood |
| 16:26 | Théoden · wall_segment Palisade Wall x1 |
| 16:29 | Théoden · wall_segment Palisade Wall x1 |
| 16:51 | squashy5000 · wall_segment Palisade Wall x1 |
| 17:08 | squashy5000 · age_up castle |
| 17:11 | KNAUROS · first_market_sell 100 stone |
| 17:13 | KNAUROS · first_market_buy 100 wood |
| 17:16 | Z_1_p_l_a · wall_segment Palisade Wall x1 |
| 17:16 | Z_1_p_l_a · wall_segment Palisade Wall x1 |
| 17:17 | Z_1_p_l_a · wall_segment Palisade Wall x1 |
| 17:35 | paedi27 · age_up castle |
| 17:45 | joylettuce · age_up castle |
| 18:21 | Théoden · age_up castle |
| 18:23 | Théoden · first_building Castle |
| 18:24 | 3046964519 · wall_segment Stone Wall x1 |
| 18:33 | Z_1_p_l_a · wall_segment Palisade Wall x1 |
| 18:36 | Théoden · wall_segment Stone Wall x13 |
| 18:43 | KNAUROS · wall_segment Palisade Wall x1 |
| 18:44 | Jrfear · first_market_sell 100 food |
| 18:48 | Théoden · first_building Monastery |
| 19:15 | squashy5000 · first_building Monastery |
| 19:47 | Théoden · wall_segment Stone Wall x1 |
| 19:48 | Théoden · wall_segment Stone Wall x1 |
| 20:35 | KNAUROS · age_up castle |
| 20:47 | 3046964519 · age_up castle |
| 20:49 | Z_1_p_l_a · first_market_buy 100 food |
| 21:01 | KNAUROS · first_building Siege Workshop |
| 21:28 | Jrfear · age_up castle |
| 21:55 | squashy5000 · first_building Barracks |
| 22:11 | 3046964519 · first_building Monastery |
| 22:26 | paedi27 · first_building Donjon |
| 22:58 | 3046964519 · first_building Castle |
| 23:06 | squashy5000 · first_building Archery Range |
| 23:16 | squashy5000 · first_market_sell 500 wood |
| 23:30 | Z_1_p_l_a · age_up castle |
| 23:33 | Z_1_p_l_a · first_building Siege Workshop |
| 23:40 | squashy5000 · first_building Castle |
| 23:45 | Jrfear · first_market_buy 100 wood |
| 24:13 | squashy5000 · wall_segment Stone Wall x1 |
| 24:14 | Z_1_p_l_a · first_building Castle |
| 24:14 | squashy5000 · wall_segment Stone Wall x1 |
| 24:15 | squashy5000 · wall_segment Stone Wall x1 |
| 24:15 | squashy5000 · wall_segment Stone Wall x1 |
| 24:19 | squashy5000 · wall_segment Stone Wall x1 |
| 24:41 | 3046964519 · first_building Siege Workshop |
| 24:54 | Théoden · first_building Barracks |
| 24:57 | squashy5000 · first_building Siege Workshop |
| 25:05 | KNAUROS · first_building Monastery |
| 25:06 | 3046964519 · first_building Barracks |
| 25:09 | squashy5000 · wall_segment Stone Wall x1 |
| 25:09 | squashy5000 · wall_segment Stone Wall x2 |
| 25:10 | squashy5000 · wall_segment Stone Wall x1 |
| 25:22 | Jrfear · first_building Castle |
| 25:30 | joylettuce · first_market_buy 100 stone |
| 25:42 | joylettuce · first_building Castle |
| 26:07 | Théoden · first_building Stable |
| 26:07 | 3046964519 · first_building Stable |
| 26:52 | KNAUROS · first_building Castle |
| 27:09 | paedi27 · first_building Siege Workshop |
| 27:12 | joylettuce · first_building Barracks |
| 27:24 | Théoden · first_market_sell 100 wood |
| 27:29 | squashy5000 · wall_segment Stone Wall x4 |
| 27:35 | squashy5000 · wall_segment Stone Wall x4 |
| 28:19 | Jrfear · first_building Barracks |
| 28:34 | joylettuce · first_building Stable |
| 28:47 | joylettuce · first_market_sell 100 wood |
| 29:02 | joylettuce · tribute_sent a jugador 1 |
| 29:02 | joylettuce · tribute_sent a jugador 2 |
| 29:02 | joylettuce · tribute_sent a jugador 3 |
| 29:02 | joylettuce · tribute_sent a jugador 4 |
| 29:02 | joylettuce · tribute_sent a jugador 5 |
| 29:02 | joylettuce · tribute_sent a jugador 7 |
| 29:02 | joylettuce · tribute_sent a jugador 8 |
| 29:09 | Jrfear · wall_segment Stone Wall x4 |
| 29:15 | Jrfear · wall_segment Stone Wall x6 |
| 29:17 | Jrfear · wall_segment Stone Wall x1 |
| 29:20 | Jrfear · wall_segment Stone Wall x1 |
| 29:21 | Jrfear · wall_segment Stone Wall x1 |
| 30:08 | squashy5000 · age_up imperial |
| 30:15 | Jrfear · first_building Stable |
| 30:52 | Jrfear · first_building Siege Workshop |
| 31:21 | paedi27 · first_building Castle |
| 31:32 | paedi27 · wall_segment Palisade Wall x3 |
| 31:42 | Théoden · age_up imperial |
| 31:53 | Z_1_p_l_a · first_building Monastery |
| 33:26 | joylettuce · first_building Monastery |
| 33:36 | squashy5000 · wall_segment Stone Wall x1 |
| 33:59 | paedi27 · first_building Monastery |
| 36:01 | Jrfear · wall_segment Stone Wall x18 |
| 36:06 | Jrfear · wall_segment Stone Wall x5 |
| 36:09 | Jrfear · age_up imperial |
| 37:33 | joylettuce · age_up imperial |
| 40:13 | Z_1_p_l_a · wall_segment Palisade Wall x1 |
| 40:41 | Théoden · first_building Archery Range |
| 40:42 | squashy5000 · wall_segment Stone Wall x1 |
| 40:47 | paedi27 · first_building Barracks |
| 41:08 | joylettuce · tribute_sent a jugador 1 |
| 41:08 | joylettuce · tribute_sent a jugador 2 |
| 41:08 | joylettuce · tribute_sent a jugador 3 |
| 41:08 | joylettuce · tribute_sent a jugador 4 |
| 41:08 | joylettuce · tribute_sent a jugador 5 |
| 41:08 | joylettuce · tribute_sent a jugador 7 |
| 41:08 | joylettuce · tribute_sent a jugador 8 |
| 41:25 | joylettuce · first_building Siege Workshop |
| 41:28 | Jrfear · first_building Archery Range |
| 41:37 | joylettuce · tribute_sent a jugador 1 |
| 41:37 | joylettuce · tribute_sent a jugador 2 |
| 41:37 | joylettuce · tribute_sent a jugador 3 |
| 41:37 | joylettuce · tribute_sent a jugador 4 |
| 41:37 | joylettuce · tribute_sent a jugador 5 |
| 41:37 | joylettuce · tribute_sent a jugador 7 |
| 41:37 | joylettuce · tribute_sent a jugador 8 |
| 42:41 | paedi27 · resign |
| 42:42 | 3046964519 · first_building Archery Range |
[ ANÁLISIS IA · 1 CRÉDITO ]
¿Qué pasó realmente en esta partida?
Wolo.gg analiza cada decisión: build order, eco, micro, errores típicos por bracket. Análisis personalizado por WhatsApp o Discord en 30 segundos.
Guía civ
Wu
Perfil
Jugador #2194634